AoeStats
← matrak_1991

Coastal Forest

510378100Analyzed
2v2 RM · 6h ago on Sep 30, 2026· 48m 22s· 4 players
Game mode
Random Map
Map size
Medium (4 player)
Population
200
Speed
Normal
Resources
Standard
Victory
Conquest
Starting age
Dark Age
Ending age
Imperial Age
RankedLock teamsTeams togetherTeam positionsShared explorationLock speedFull tech treeHidden civsTurbo modeCheats
Victory
Defeat
🇫🇷 Persians · France
1043
+13
🇫🇷 Italians · France
1042
+13
🇪🇸 Saracens · Spain
991
-13
🇹🇷 Byzantines · Türkiye
981
-13
Peluco el sabio
0:26 Loom
11:14 Feudal Age
14:16 Gold Mining
14:15 Double-Bit Axe
17:42 Castle Age
17:34 Horse Collar
18:39 Stone Mining
21:41 Town Watch
25:07 Wheelbarrow
26:08 Scale Barding Armor
33:00 Gold Shaft Mining
35:28 Bloodlines
35:19 Husbandry
36:44 Bow Saw
36:58 Heavy Plow
39:31 Hand Cart
39:03 Elite Skirmisher
40:09 Chain Barding Armor
39:50 Padded Archer Armor
39:41 Fletching
40:01 Forging
40:34 Ballistics
40:25 Fortified Wall
40:30 Crossbowman
41:20 Thumb Ring
46:26 Imperial Age
46:34 Pikeman
47:16 Squires
matrak_1991
10:54 Feudal Age
11:47 Loom
17:34 Castle Age
15:28 Double-Bit Axe
18:47 Bow Saw
21:42 Horse Collar
22:38 Stone Mining
25:35 Wheelbarrow
29:35 Imperial Age
29:26 Gold Mining
31:49 Hand Cart
32:46 Husbandry
32:07 Cavalier
32:07 Light Cavalry
32:57 Scale Barding Armor
32:53 Scale Mail Armor
32:53 Padded Archer Armor
34:05 Two-Man Saw
34:43 Gold Shaft Mining
37:42 Chemistry
37:01 Elite Skirmisher
38:17 Chain Barding Armor
42:31 Ballistics
41:46 Capped Ram
44:17 Paladin
47:24 Heavy Plow
SplinterLolo
9:07 Loom
11:35 Feudal Age
16:15 Castle Age
14:33 Double-Bit Axe
14:39 Horse Collar
16:13 Bloodlines
17:10 Heavy Plow
18:09 Wheelbarrow
28:33 Scale Barding Armor
28:39 Forging
33:51 Chain Barding Armor
34:06 Iron Casting
37:24 Husbandry
37:37 Gold Mining
38:28 Hand Cart
39:00 Gold Shaft Mining
41:17 Imperial Age
41:53 Conscription
41:00 Cavalier
42:18 Plate Barding Armor
42:46 Blast Furnace
42:22 Crop Rotation
42:37 Savar
mattionos
9:11 Loom
10:59 Feudal Age
15:27 Castle Age
13:45 Double-Bit Axe
13:59 Fletching
15:01 Fishing Lines
15:41 Gold Mining
15:34 Crossbowman
16:35 Gold Mining
17:02 Gillnets
19:09 Town Watch
20:50 Stone Mining
21:20 Bodkin Arrow
21:55 Horse Collar
23:18 Padded Archer Armor
25:56 Heavy Plow
26:39 Ballistics
26:55 Leather Archer Armor
26:46 Thumb Ring
29:26 Clinker Construction
32:42 Imperial Age
30:49 Wheelbarrow
32:25 Silk Road
32:11 Town Patrol
32:27 Hand Cart
33:11 Caravan
33:32 Bracer
34:01 Conscription
35:33 Chemistry
35:46 Ring Archer Armor
35:48 Bow Saw
36:21 Elite Genoese Crossbowman
40:28 Hoardings
43:20 Carvel Hull
43:15 Masonry
42:58 Treadmill Crane
45:35 Squires
45:21 Arson
45:37 Scale Mail Armor
45:49 Forging
46:18 Coinage
47:35 Banking
48:53 Guilds
49:08 Chain Mail Armor
49:29 Iron Casting
Connection lost

Rejoining the realm…

Still unreachable

The connection could not be restored.

Session expired

The server has moved on; the page needs a fresh start.